 Dungeon Crawl Stone Soup version 0.30-a0-347-gf58ed5266c (webtiles) character file.

Game seed: 14853314858044403836

227 purpskrrrp the Ruffian (level 5, -5/49 HPs)
             Began as a Troll Warper on Nov 6, 2022.
             Slain by Natasha (8 damage)
             ... on level 3 of the Dungeon.
             The game lasted 00:03:30 (2233 turns).

purpskrrrp the Ruffian (Troll Warper)               Turns: 2233, Time: 00:03:31

Health: -5/49      AC:  4    Str: 21    XL:     5   Next: 70%
Magic:  6/6        EV: 10    Int:  9    God:
Gold:   145        SH:  0    Dex:  9    Spells: 7/7 levels left

rFire   . . .      SeeInvis .      - Unarmed
rCold   . . .      Faith    .    (no shield)
rNeg    . . .      Spirit   .    a - +0 robe
rPois   .          Reflect  .    (helmet restricted)
rElec   .          Harm     +    n - scarf {harm}
rCorr   .          Rampage  .    (gloves unavailable)
Will    +....                    (boots unavailable)
Stlth   +.........               (no amulet)
HPRegen 1.08/turn                f - ring of willpower
MPRegen 0.10/turn                (no ring)

@: no status effects
A: large, unfitting armour, claws 3, regeneration 1, shaggy fur 1, tough skin 1
a: no special abilities


You were on level 3 of the Dungeon.
You visited 1 branch of the dungeon, and saw 3 of its levels.

You collected 145 gold pieces.

Inventory:

Missiles
 c - 7 boomerangs of dispersal
 d - 2 boomerangs
Armour
 a - a +0 robe (worn)
 n - a scarf of harm (worn)
Jewellery
 f - a ring of willpower (left claw)
Scrolls
 b - a scroll of fear {unknown}
 h - 3 scrolls of teleportation {unknown}
 i - a scroll of butterflies {unknown}
 j - a scroll of brand weapon {unknown}
 k - 4 scrolls of identify {unknown}
 r - a scroll of vulnerability {unknown}
 t - a scroll of magic mapping {unknown}
 u - a scroll of enchant armour {unknown}
Potions
 e - 2 potions of might {unknown}
 g - a potion of degeneration {unknown}
 l - a potion of flight {unknown}
 m - 2 potions of heal wounds
 o - 2 potions of cancellation {unknown}
 p - a potion of berserk rage {unknown}
 q - a potion of curing {unknown}
 s - a potion of ambrosia {unknown}


   Skills:
 + Level 2.3 Fighting
 - Level 0.8 Throwing
 + Level 1.3 Armour
 + Level 2.5 Dodging
 * Level 3.7 Unarmed Combat
 + Level 1.8 Spellcasting
 + Level 2.6 Translocations


You had 7 spell levels left.
You didn't know any spells.
Your spell library contained the following spells:

 Spells                   Type           Power      Damage    Failure   Level
 Blink                    Tloc           10%        N/A       17%         2
 Magic Dart               Conj           0%         1d3       34%         1
 Lesser Beckoning         Tloc           10%        N/A       34%         3
 Teleport Other           Tloc           5%         N/A       34%         3
 Call Imp                 Summ           0%         N/A       45%         2
 Vhi's Electric Charge    Tloc/Air       6%         N/A       52%         3
 Mephitic Cloud           Conj/Pois/Air  0%         N/A       71%         3
 Manifold Assault         Tloc           5%         N/A       75%         4


Dungeon Overview and Level Annotations

Branches:
Dungeon (3/15)

Altars:
Dithmenos
Hepliaklqana
Kikubaaqudgha
Wu Jian
Xom

Annotations:
D:3 Natasha


Innate Abilities, Weirdness & Mutations

You are too large for most types of armour.
You have claws for hands.
Your natural rate of healing is unusually fast.
You are covered in fur. (AC +1)
You have tough skin. (AC +1)


Message History

There is a strange disturbance nearby!
There is a strange disturbance nearby!
There is a strange disturbance nearby!
No target in view!
No target in view!
No target in view!
No target in view!
No target in view!
No target in view!
No target in view!
No target in view!
No target in view!
No target in view!
No target in view!
No target in view!
No target in view!
No target in view!
A magic dart appears from out of thin air!
The magic dart hits you. Something claws you but does no damage.
You miss something. You completely miss something. Something claws you!
You miss something.
The shadow imp grinds its teeth.
The shadow imp hits you. Something claws you.
You barely miss something.
The shadow imp hits you but does no damage.
Something claws you.
You barely miss something. The shadow imp hits you. Something claws you!
You claw something! The shadow imp hits you. Something claws you.
* * * LOW HITPOINT WARNING * * *
You closely miss something. The shadow imp barely misses you.
Something claws you.
* * * LOW HITPOINT WARNING * * *
You closely miss something. The shadow imp gestures at you.
You resist with some effort. Something claws you!
* * * LOW HITPOINT WARNING * * *
You miss something. The shadow imp barely misses you. Something claws you!
You die...

..####....)....# #.#.........).#
...###.........# #.#...........#
...............###.#...........#
..........................>....#
###.##.........###.#...........#
.....#.........#...#...........#
.....#.....(.................###
......#'#.##..#..5..........)#
......#.#####'#.@{...........#
......#)###...#.##...........#
......###_..######...........#
.......##...######...........#
.#######..._#B##.............#
.# #..#.#####.###...........#
.####..'.##S#Z##.............#
......######.#####...........#
....>...# ## #...........#


You could see a shadow imp (summoned).

Vanquished Creatures
  An orc wizard (D:3)
  Natasha (D:3)
  7 gnolls
  3 adders (D:2)
  2 worms (D:3)
  2 dart slugs (D:2)
  2 orcs (D:3)
  5 bats
  8 endoplasms
  3 giant cockroaches
  10 goblins
  4 hobgoblins
  3 quokkas
  9 ball pythons
  5 frilled lizards
  5 kobolds
  4 rats
74 creatures vanquished.

Notes
Turn   | Place    | Note
-------+----------+-------------------------------------------
     0 | D:1      | purpskrrrp the Troll Warper began the quest for the Orb.
     0 | D:1      | Reached XP level 1. HP: 19/19 MP: 1/1
   164 | D:1      | Reached XP level 2. HP: 27/27 MP: 2/2
   605 | D:1      | Reached XP level 3. HP: 35/35 MP: 4/4
   889 | D:2      | Reached XP level 4. HP: 40/42 MP: 5/5
   920 | D:2      | Reached skill level 3 in Unarmed Combat
   987 | D:2      | Reached skill level 1 in Armour
  1528 | D:3      | Found an ancient bone altar of Kikubaaqudgha.
  1535 | D:3      | Reached XP level 5. HP: 49/49 MP: 6/6
  1649 | D:3      | Found an ornate altar of the Wu Jian Council.
  1656 | D:3      | Noticed Natasha
  1662 | D:3      | Killed Natasha
  1751 | D:3      | Found a hazy altar of Hepliaklqana.
  1752 | D:3      | Found a shimmering altar of Xom.
  1753 | D:3      | Noticed a spectral ugly thing
  1909 | D:3      | Found a shadowy altar of Dithmenos.
  1957 | D:3      | Identified the +8 mace "Cuiw" {venom, rCorr}
  2218 | D:3      | Noticed Natasha
  2232 | D:3      | HP: 2/49 [something (9)]
  2233 | D:3      | Slain by Natasha

Illustrated notes

Levels and vault maps discovered:
D:1:      elethiomel_arrival_shortcut, layout_basic
D:2:      layout_basic
D:3:      layout_basic, nicolae_wu_jian_wuxing_cycle, kiku_gazebo_pond_becter,
          mainiacjoe_overflow_paths, regret_index_temple_of_mockery, hex_medium,
          hangedman_decor_clover_reticule, uniq_natasha

Skill      XL: |  1  2  3  4 |
---------------+-------------+-----
Dodging        | 2 |  2.5
Fighting       | 2 |  2.3
Unarmed Combat | 3 |  3.7
Armour         | 1 |  1.3
Throwing       | |  0.8
Spellcasting   | |  1.8
Translocations | |  2.6

Action                   |  1- 3 |  4- 6 || total
-------------------------+-------+-------++-------
Melee: Unarmed           |    97 |   109 ||   206
  Use: Scroll            |       |     1 ||     1
       Potion            |       |     1 ||     1
 Stab: Sleeping          |       |     1 ||     1
Armor: Robe              |    39 |    36 ||    75
Dodge: Dodged            |    49 |    49 ||    98

Table legend: (Time is in decaauts)
 A = Elapsed time spent in this place.
 B = Non-inter-level travel time spent in this place.
 C = Inter-level travel time spent in this place.
 D = Time resting spent in this place.
 E = Time spent auto-exploring this place.
 F = Levels seen in this place.
 G = Mean time per level.
                   A        B        C        D        E       F      G
               +--------+--------+--------+--------+--------+-----+--------+
         Total |   2221 |   2189 |     32 |     18 |   1719 |   3 |  740.3 |
       Dungeon |   2221 |   2189 |     32 |     18 |   1719 |   3 |  740.3 |
               +--------+--------+--------+--------+--------+-----+--------+

Top non-repeatable levels by time:
     D:1: 826 daAuts
     D:3: 775 daAuts
     D:2: 619 daAuts
